 Dungeon Crawl Stone Soup version 0.17.2-1-ge4368a0 (webtiles) character file.

3042 Goblin1989 the Grappler (level 9, -11/69 HPs)
             Began as a Demonspawn Wanderer on Nov 2, 2016.
             Was an Initiate of Gozag.
             Mangled by a wyvern (13 damage)
             ... on level 8 of the Dungeon.
             The game lasted 00:26:46 (9346 turns).

Goblin1989 the Grappler (Demonspawn Wanderer)       Turns: 9346, Time: 00:26:47

Health: -11/69     AC:  9    Str: 16    XL:     9   Next: 56%
Magic:  12/12      EV: 10    Int: 13    God:    Gozag
Gold:   799        SH:  0    Dex: 15    Spells: 0 memorised, 12 levels left

rFire  . . .     SeeInvis .       - Unarmed
rCold  . . .     Clarity  .     h - +0 ring mail
rNeg   . . .     SustAt   +     (no shield)
rPois  +         Gourm    .     u - +0 helmet
rElec  .         Spirit   .     j - +0 cloak
rCorr  .         Warding  .     (no gloves)
rMut   .         Stasis   .     c - +0 pair of boots
MR     .....                    (no amulet)
Stlth  +++.......               L - ring of sustain attributes
                                o - ring of poison resistance

@: not resistant to hostile enchantments, fairly stealthy
A: claws 2, thin skeletal structure 1, nightstalker 1
a: Potion Petition, Call Merchant, Bribe Branch, Renounce Religion


You were on level 8 of the Dungeon.
You worshipped Gozag.
Gozag was noncommittal.
You were hungry.

You visited 2 branches of the dungeon, and saw 9 of its levels.
You also visited: Sewer.

You collected 858 gold pieces.
You paid 59 gold pieces to Gozag.

Inventory:

Hand Weapons
 w - a +0 blowgun {@w1}
Missiles
 g - 27 poisoned needles
 q - 8 needles of sleeping
 Z - a throwing net {=f, !d}
Armour
 c - a +0 pair of boots (worn)
 h - a +0 ring mail (worn)
 j - a +0 cloak (worn)
 u - a +0 helmet (worn)
Jewellery
 o - a ring of poison resistance (left claw)
 H - an uncursed amulet of stasis {!P}
 L - a ring of sustain attributes (right claw)
Wands
 C - a wand of confusion (25)
 F - a wand of disintegration (14)
Scrolls
 a - 5 scrolls of noise {unknown}
 b - 4 scrolls of amnesia {unknown}
 d - 5 scrolls of fog {unknown}
 e - 3 scrolls of enchant armour {unknown}
 i - 2 scrolls of teleportation {unknown}
 n - 2 scrolls of magic mapping {unknown}
 r - 4 scrolls of enchant weapon {unknown}
 s - 10 scrolls of identify {unknown}
 y - a scroll of recharging {unknown}
 z - 5 scrolls of remove curse {unknown}
 B - a scroll of random uselessness {unknown}
 D - a scroll of immolation {unknown}
 G - a scroll of fear {unknown}
Potions
 f - 4 potions of curing {unknown}
 l - 2 potions of degeneration {unknown}
 m - 5 potions of heal wounds {!q, @q2}
 p - a potion of magic {unknown}
 t - 3 potions of might {unknown}
 v - a potion of flight
 x - 4 potions of agility {unknown}
 A - a potion of berserk rage {unknown}
 E - a potion of haste {unknown}
 K - a potion of poison {unknown}
Comestibles
 k - a meat ration {@e2}
 I - 4 bread rations {@e1}
 J - 6 beef jerkies
 M - a royal jelly


   Skills:
 + Level 6.1 Fighting
   Level 1.0 Axes
 - Level 5.4 Armour
 + Level 0.0 Dodging
 - Level 1.0 Stealth
 * Level 9.7 Unarmed Combat
 - Level 2.1 Spellcasting
   Level 1.0 Charms
 - Level 1.0 Evocations


You had 12 spell levels left.
You didn't know any spells.

Dungeon Overview and Level Annotations

Branches:
Dungeon (8/15)             Temple (1/1) D:5
   Lair: D:8-11

Altars:
Ashenzari
Cheibriados
Fedhas
Gozag
Kikubaaqudgha
Makhleb
Okawaru
Qazlal
Trog
Vehumet
Xom
The Shining One

Shops:
D:4 =   D:6 :

Annotations:
D:3 magog001's ghost, amateur FoAK
D:4 magog001's ghost, amateur OpAs
D:5 ololoev's ghost, novice DsFi


Innate Abilities, Weirdness & Mutations

You have very sharp fingernails.
You have a somewhat thin skeletal structure (Dex +2, Stealth).
You are slightly more attuned to the shadows.


Message History

You take 13 damage, and have 28/69 hp.
You barely miss the wyvern. The wyvern bites you!
* * * LOW HITPOINT WARNING * * *
You take 11 damage, and have 17/69 hp.
You claw the wyvern!
The wyvern is moderately wounded.
The wyvern barely misses you. The wyvern closely misses you.
You claw the wyvern!
The wyvern is severely wounded.
The wyvern bites you but does no damage.
You closely miss the wyvern.
The wyvern is severely wounded.
The wyvern bites you!
* * * LOW HITPOINT WARNING * * *
You take 15 damage, and have 2/69 hp.
MASSIVE DAMAGE!!
You scratch the wyvern but do no damage.
The wyvern is severely wounded.
The wyvern bites you!
You die...
Your body crumbles into a pile of gold.

..█ █.█..█.█
█.█..█.█
███.█████.█..█..
..█.....█.█..█.███
█.█████.█.██.█...
█.█..(.......█.███
█.█.█...█......=.█
....█..........█@█
█.██████████████l█
........ █.█
█...████ █.█ ....█
█.█ █...█ █.█
....█ █.█ █...█
█...█▲█


█████ █████ You could see a wyvern.

Vanquished Creatures
  A merfolk (shapeshifter) (D:8)
  Eustachio (D:4)
  A water moccasin (D:8)
  An eye of draining (D:5)
  2 orc warriors
  An ice beast (D:8)
  3 sky beasts
  4 ogres
  2 centaurs (D:7)
  A big kobold (Sewer)
  4 giant frogs
  A scorpion (D:6)
  A giant frog skeleton (D:4)
  A crimson imp (D:5)
  An iguana (D:6)
  6 orc priests
  A centaur skeleton (D:6)
  A jelly (D:6)
  4 hounds
  6 orc wizards
  2 worker ants
  A killer bee zombie (D:7)
  16 adders
  A worker ant zombie (D:6)
  A gnoll (D:5)
  7 river rats
  An ooze (D:2)
  2 adder skeletons
  2 adder zombies (D:7)
  4 worms
  27 orcs
  7 bats
  6 giant cockroaches
  8 goblins
  11 hobgoblins
  7 jackals
  4 quokkas
  10 ball pythons
  5 giant geckos
  A giant gecko skeleton (D:6)
  8 giant newts
  26 kobolds
  A quokka skeleton (D:5)
  A quokka zombie (D:7)
  23 rats
  A butterfly (D:5)
226 creatures vanquished.

Vanquished Creatures (others)
  An orc (D:8)
1 creature vanquished.

Grand Total: 227 creatures vanquished

Notes
Turn   | Place    | Note
--------------------------------------------------------------
     0 | D:1      | Goblin1989 the Demonspawn Wanderer began the quest for the Orb.
     0 | D:1      | Goblin1989 set off with: a +2 dagger, a potion of heal wounds {!q, @q2}, Iskenderun's Grimoire of Attacks, the Incunabulum of Creation, a +0 robe, a bread ration {@e1}
     0 | D:1      | Reached XP level 1. HP: 16/16 MP: 3/3
     0 | D:1      | Identified Iskenderun's Grimoire of Attacks
     0 | D:1      | Identified the Incunabulum of Creation
   228 | D:1      | Found a shattered altar of Ashenzari.
   268 | D:1      | Gained mutation: You have sharp fingernails. [demonic ancestry]
   268 | D:1      | Reached XP level 2. HP: 21/23 MP: 5/5
   465 | D:1      | Reached skill level 1 in Unarmed Combat
   904 | D:1      | Gained mutation: You are slightly more attuned to the shadows. [demonic ancestry]
   904 | D:1      | Reached XP level 3. HP: 25/28 MP: 6/6
  1514 | D:2      | Found a faded altar to an unknown god.
  1712 | D:3      | HP: 1/28 [orc/mace (6)]
  1726 | D:2      | Gained mutation: You have very sharp fingernails. [demonic ancestry]
  1726 | D:2      | Reached XP level 4. HP: 9/34 MP: 7/7
  1750 | D:2      | HP: 1/34 [poisoned by an adder]
  2097 | D:2      | Reached skill level 3 in Unarmed Combat
  3476 | D:3      | Reached skill level 4 in Unarmed Combat
  3476 | D:3      | Reached XP level 5. HP: 19/39 MP: 8/8
  3944 | D:3      | Noticed magog001's ghost (amateur FoAK)
  4092 | D:4      | Noticed magog001's ghost (amateur OpAs)
  4092 | D:4      | Found Atwiz's Jewellery Emporium.
  4223 | D:5      | Entered Level 5 of the Dungeon
  4231 | D:5      | Reached skill level 5 in Unarmed Combat
  4231 | D:5      | Reached XP level 6. HP: 40/46 MP: 9/9
  4237 | D:5      | Found a glowing drain.
  4256 | Sewer    | Entered a sewer
  4844 | Sewer    | Reached skill level 6 in Unarmed Combat
  5405 | D:5      | Found a staircase to the Ecumenical Temple.
  5425 | D:5      | Reached XP level 7. HP: 49/51 MP: 10/10
  5437 | Temple   | Entered the Ecumenical Temple
  5485 | Temple   | Became a worshipper of Gozag Ym Sagoz the Greedy
  5575 | D:5      | Noticed ololoev's ghost (novice DsFi)
  5593 | D:5      | Noticed an orc warrior
  5731 | D:4      | Found a burning altar of Makhleb.
  5745 | D:4      | Found an iron altar of Okawaru.
  5757 | D:4      | Noticed Eustachio
  5809 | D:4      | Killed Eustachio
  5873 | D:6      | Reached skill level 7 in Unarmed Combat
  6216 | D:6      | Found Zeixus's Book Emporium.
  6416 | D:6      | Gained mutation: You have a somewhat thin skeletal structure (Dex +2, Stealth). [demonic ancestry]
  6416 | D:6      | Reached XP level 8. HP: 50/60 MP: 11/11
  7075 | D:5      | Noticed a sky beast
  7094 | D:5      | Killed a sky beast
  7094 | D:5      | Reached skill level 8 in Unarmed Combat
  7355 | D:5      | Killed an orc warrior
  7685 | D:5      | Found a bloodstained altar of Trog.
  7686 | D:5      | Noticed an eye of draining
  7700 | D:5      | Killed an eye of draining
  7776 | D:5      | Reached skill level 5 in Fighting
  8225 | D:7      | Reached XP level 9. HP: 68/68 MP: 12/12
  8443 | D:7      | Reached skill level 9 in Unarmed Combat
  8776 | D:8      | Reached skill level 5 in Armour
  9020 | D:8      | Found a glowing golden altar of the Shining One.
  9020 | D:8      | Found a snail-covered altar of Cheibriados.
  9170 | D:8      | Noticed a moth of wrath
  9171 | D:8      | a moth of wrath changed into a merfolk
  9345 | D:8      | HP: 2/69 [wyvern (15)]
  9346 | D:8      | Mangled by a wyvern

Action                   |  1- 3 |  4- 6 |  7- 9 || total
-------------------------+-------+-------+-------++-------
Melee: Dagger            |   154 |    35 |       ||   189
       Unarmed           |       |   322 |   361 ||   683
 Fire: Blowgun           |       |       |    16 ||    16
Invok: Potion Petition   |       |       |     1 ||     1
  Use: Potion            |     5 |       |     1 ||     6
 Stab: Sleeping          |     1 |     6 |     5 ||    12
       Invisible         |       |     1 |     1 ||     2
       Distracted        |       |       |     2 ||     2
  Eat: Chunk             |     2 |     8 |     1 ||    11
       Bread ration      |       |     1 |       ||     1
       Royal jelly       |       |       |     1 ||     1
       Meat ration       |       |       |     2 ||     2

Vault maps used:
D:1:      dpeg_arrival_sounds_slurp, serial_forest,
          infiniplex_forest_straight_2, infiniplex_forest_zigzag_2,
          infiniplex_forest_clump_curved, infiniplex_forest_corner_1,
          infiniplex_forest_straight_2, infiniplex_forest_lined_2,
          infiniplex_forest_clump_diagonal, st_stairs_6, ashenzari_altar_1
D:2:      ecumenical_altar_1
D:3:      minmay_misc_feat_ornament, grunt_ministairs_8
D:4:      bloody_makhleb, lemuel_blue_sif_altar, okawaru_ov_weapons_minmay,
          nicolae_ru_the_path_less_chosen, serial_shops, shop, first_bread,
          uniq_eustachio
D:5:      trog_eyes_of_draining, minmay_temple_entry_butterflies,
          portal_sewer_entry_b, guppyfry_early_orc_mine
D:6:      serial_shops, shop
D:7:      grunt_ogre_cave
D:8:      gammafunk_temple_overflow_pools
Temple:   circular_temple_12
Sewer:    sewer_minmay_treatment
